Map: King's Cove LE

Players

ArchyDevil - Winner!

  • Race: Zerg Zerg
  • League: Diamond
  • Spawn Location: 11:00

Woah

  • Race: Terran Terran
  • League: Diamond
  • Spawn Location: 5:00

VOD

Have the link to the VOD?

Description

Time

  • Played on: June 14, 2019, 5:27 p.m.
  • Length: 4:43
Show
View Real Time Build Order
Export as new Build Order

ArchyDevil Zerg - Winner!

Build Orders: Pool First 

Get SALT Encoding   

  12  0:02  Drone  
  13  0:18  Overlord  
  13  0:23  Drone  
  14  0:36  Drone x2  
  14  0:40  Drone  
  17  0:50  Extractor  
  17  0:53  Spawning Pool  
  17  0:54  Drone  
  16  1:02  Drone  
  17  1:21  Hatchery  
  16  1:28  Drone x2  
  18  1:43  Zergling x2  
  19  1:52  Queen  
  21  1:56  Metabolic Boost  
  21  2:08  Roach Warren  
  20  2:17  Overlord  
  20  2:18  Overlord  
  19  3:11  Roach  
  19  3:12  Roach x7  
  35  3:39  Zergling x2  
  35  3:40  Zergling x8  
  40  3:44  Zergling x8  
  44  4:04  Overlord x2  
Show
View Real Time Build Order
Export as new Build Order

Woah Terran 

Build Orders:  

Get SALT Encoding   

  12  0:02  SCV  
  13  0:15  SCV  
  14  0:23  Supply Depot  
  14  0:28  SCV  
  15  0:45  SCV  
  15  0:46  Barracks  
  16  0:51  Refinery  
  16  0:57  SCV  
  17  1:09  SCV  
  18  1:21  SCV  
  19  1:35  Orbital Command  
  19  1:46  Command Center  
  19  1:49  Barracks Reactor  
  19  2:00  Barracks  
  19  2:05  SCV  
  20  2:14  Supply Depot  
  20  2:18  SCV  
  21  2:25  Refinery  
  21  2:28  Marine  
  22  2:31  Marine  
  22  2:35  SCV  
  24  3:00  Barracks Tech Lab  
  24  3:02  Marine x2  
  26  3:14  SCV  
  26  3:15  Factory  
  27  3:26  SCV  
  28  3:27  Orbital Command  
  28  3:34  Marine x3  
  29  3:38  SCV  
  32  3:46  Supply Depot  
  32  3:50  SCV  
  32  3:51  Marine  
  32  3:52  Marine  
  35  3:59  Starport  
  35  4:02  SCV, Factory Reactor  
  35  4:04  Marine  
  35  4:07  SCV  
  38  4:15  SCV  
Tags
 
Matchup
TvZ
Opening
Pool First
Replay Pack
r1
Spawn Locations
Cross Positions
Add a new tag
Caveats
  • Supply blocks, unpowered buildings, or Contaminate may cause inaccurate times.
  • Supply counts are checked every 10 seconds.